 Dungeon Sprint DCSS version 0.17-a0-1939-ga475588 (webtiles) character file.

103 ololoev the Basher (level 4, 0/85 HPs)
             Began as an Ogre Berserker on Sept 29, 2015.
             Was a Follower of Trog.
             Slain by a hippogriff (1 damage)
             ... in the Dungeon (Sprint II: "The Violet Keep of Menkaure").
             The game lasted 00:00:19 (17 turns).

ololoev the Basher (Ogre Berserker)                   Turns: 17, Time: 00:00:19

Health: 0/85       AC:  3    Str: 28    XL:     4   Next: 79%
Magic:  4/4        EV: 10    Int:  6    God:    Trog [*.....]
Gold:   0          SH:  0    Dex:  9    Spells: 0 memorised, 3 levels left

rFire  . . .     SeeInvis .     a - +0 mace
rCold  . . .     Clarity  .     b - +0 animal skin
rNeg   . . .     SustAt   .     (no shield)
rPois  .         Gourm    .     (helmet restricted)
rElec  .         Spirit   .     (no cloak)
rCorr  .         Warding  .     (gloves unavailable)
rMut   .         NoTele   +     (boots unavailable)
MR     .....                    (no amulet)
Stlth  ..........               (no ring)
                                (no ring)

@: berserking (expiring), very quick, not resistant to hostile enchantments,
extremely unstealthy
A: unfitting armour, tough skin 1
a: Burn Spellbooks, Berserk, Renounce Religion


Innate Abilities, Weirdness & Mutations

You are too large for most types of armour.
You have tough skin (AC +1).

Inventory:

Hand weapons
 a - a +0 mace (weapon)
Armour
 b - a +0 animal skin (worn)
Scrolls
 i - a scroll of blinking
Potions
 d - a potion of curing
 e - a potion of heal wounds
 f - a potion of haste
 g - 2 potions of magic
 h - a potion of berserk rage
Comestibles
 c - a bread ration


   Skills:
 + Level 7.9 Fighting
 * Level 10.3 Maces & Flails
 - Level 2.6 Dodging


You had 3 spell levels left.
You didn't know any spells.
You were in the Dungeon. You worshipped Trog. Trog was aware of your devotion. You were not hungry. You visited 1 branch # #+# .## ##.##.B.# +.<.+# ##@##$B.# #H# .## $#. # .# #. ## ##

Notes
Turn   | Place    | Note
--------------------------------------------------------------
     0 | D        | ololoev the Ogre Berserker began the quest for the Orb.
     0 | D        | Reached XP level 1. HP: 24/24 MP: 1/1
     1 | D        | Noticed a boulder beetle
     1 | D        | Noticed a boulder beetle
     4 | D        | Noticed a hippogriff
     4 | D        | Noticed a hippogriff
    11 | D        | Killed a hippogriff
    11 | D        | Reached skill level 7 in Fighting
    11 | D        | Reached skill level 10 in Maces & Flails
    11 | D        | Reached XP level 2. HP: 8/41 MP: 2/2
    11 | D        | Reached XP level 3. HP: 9/48 MP: 3/3
    11 | D        | Reached XP level 4. HP: 10/57 MP: 4/4
    15 | D        | HP: 4/85 [hippogriff (2)]
    17 | D        | HP: 1/85 [hippogriff (4)]
    17 | D        | Slain by a hippogriff

Dungeon Overview and Level Annotations

Branches:
Dungeon (1/1)

Altars:


Message History

The hippogriff bites you! The hippogriff closely misses you.
The hippogriff closely misses you.
You thump the hippogriff!
The hippogriff is severely wounded.
The hippogriff bites you. The hippogriff pecks you. The hippogriff claws you.
You hit the hippogriff.
The hippogriff is almost dead.
The hippogriff bites you!
The hippogriff pecks you but does no damage.
The hippogriff claws you.
You bludgeon the hippogriff!!
You kill the hippogriff!
Trog accepts your kill.
Your Fighting skill gained 3 levels and is now at level 7!
Your Maces & Flails skill gained 6 levels and is now at level 10!
You have reached level 2!
You have reached level 3!
Your experience leads to an increase in your attributes!
Your base attributes are Str 21, Int 6, Dex 9.
Increase (S)trength, (I)ntelligence, or (D)exterity?
You feel stronger. x2
You have reached level 4!
You hit the hippogriff.
The hippogriff is lightly wounded.
You barely miss the hippogriff.
The hippogriff is lightly wounded.
The hippogriff bites you.
The hippogriff pecks you but does no damage.
The hippogriff claws you.
You sock the hippogriff!
The hippogriff is moderately wounded.
The hippogriff closely misses you. The hippogriff pecks you.
The hippogriff claws you but does no damage.
You barely miss the hippogriff.
The hippogriff is moderately wounded.
You thump the hippogriff!
The hippogriff is heavily wounded.
The hippogriff bites you. The hippogriff barely misses you.
The hippogriff claws you.
You die...

You could see a hippogriff.

Vanquished Creatures
  A hippogriff (D)
1 creature vanquished.

Action                   |  1- 3 |  4- 6 || total
-------------------------+-------+-------++-------
Melee: Mace              |     6 |     5 ||    11
Invok: Berserk           |     1 |       ||     1

Vault maps used:
D:        the_violet_keep_of_menkaure
